 Dungeon Crawl Stone Soup version 0.20-a0-909-g1a4ba80 (webtiles) character file.

200 AlphabetPasta the Gusty (level 5, -15/28 HPs)
             Began as a Deep Elf Air Elementalist on Mar 22, 2017.
             Demolished by AlphabetPasta's ghost (17 damage)
             ... on level 4 of the Dungeon.
             The game lasted 00:17:01 (3395 turns).

AlphabetPasta the Gusty (Deep Elf Air Elementalist) Turns: 3395, Time: 00:17:01

Health: -15/28     AC:  4    Str:  5    XL:     5   Next: 49%
Magic:  0/13       EV: 13    Int: 21    God:
Gold:   222        SH:  0    Dex: 15    Spells: 3/13 levels left

rFire    . . .     SeeInvis .   e - +0 hand axe
rCold    . . .     Gourm    .   a - +0 robe
rNeg     . . .     Faith    .   (no shield)
rPois    .         Spirit   .   (no helmet)
rElec    .         Reflect  .   (no cloak)
rCorr    .         Harm     .   (no gloves)
MR       .....                  g - +1 pair of boots
Stlth    ++........             (no amulet)
Regen    0.1/turn               (no ring)
MPRegen  0.2/turn               (no ring)

@: no status effects
A: no striking features
a: no special abilities


You were on level 4 of the Dungeon.
You were not hungry.

You visited 1 branch of the dungeon, and saw 4 of its levels.

You collected 222 gold pieces.

Inventory:

Hand Weapons
 e - a +0 hand axe (weapon)
Armour
 a - a +0 robe (worn)
 g - a +1 pair of boots (worn)
Wands
 r - a wand of random effects (11/48)
Scrolls
 f - 2 scrolls of remove curse
 n - a scroll of teleportation
 o - a scroll of recharging {unknown}
 q - a scroll of amnesia {unknown}
 s - a scroll of fog
Potions
 d - a potion of mutation {unknown}
 h - a potion of heal wounds {unknown}
 j - a potion of flight {unknown}
 l - a potion of might {unknown}
 p - a potion of agility {unknown}
Books
 b - a book of Air

   Spells                             Type                      Level
   a - Shock                          Conjuration/Air              1
   b - Swiftness                      Charms/Air                   2
   c - Static Discharge               Conjuration/Air              3
   d - Airstrike                      Air                          4
   e - Lightning Bolt                 Conjuration/Air              5
Comestibles
 c - 2 bread rations
 m - a meat ration


   Skills:
 - Level 2.4 Dodging
 - Level 2.4 Stealth
 + Level 4.6 Spellcasting
 + Level 2.9 Conjurations
 * Level 4.9 Air Magic


You had 3 spell levels left.
You knew the following spells:

 Your Spells              Type           Power        Failure   Level  Hunger
a - Shock                 Conj/Air       ###.         1%          1    None
b - Swiftness             Chrm/Air       ###.....     8%          2    #......
c - Static Discharge      Conj/Air       ###.....     10%         3    ##.....
d - Airstrike             Air            ####......   17%         4    ####...


Dungeon Overview and Level Annotations

Branches:
Dungeon (4/15)
 Temple: D:4-7

Altars:
Hepliaklqana
Kikubaaqudgha
Zin
Beogh

Annotations:
D:4 AlphabetPasta's ghost, amateur HuCK


Message History

The gnoll closely misses you.
Casting: Static Discharge
Confirm with . or Enter, or press ? or * to list all spells.
AlphabetPasta's ghost is struck by lightning.
AlphabetPasta's ghost is heavily damaged.
The lightning arcs!
You are struck by lightning.
The lightning grounds out.
The gnoll is struck by lightning.
You kill the gnoll!
The lightning arcs!
You are struck by lightning.
The lightning arcs!
AlphabetPasta's ghost is struck by lightning.
AlphabetPasta's ghost is heavily damaged.
The lightning arcs!
You are struck by lightning.
The lightning grounds out.
The gnoll misses you. AlphabetPasta's ghost hits you!
You feel your power leaking away.
The gnoll hits you from afar with a spear.
AlphabetPasta's ghost hits you!
* * * LOW HITPOINT WARNING * * *
You are electrocuted!
Ouch! That really hurt!
You die...

... #.... ....
....#.#รท##..# ..
$...........##....
..................
......$<....##....
..................
....<.....g..... .
#....S###.)..#....
#..... #.@.......
..........W.......
...........#h#....
#.........h#.# ...
......... h .
........# #.
........# .#
......... .


You could see AlphabetPasta's ghost, a gnoll and 3 jackals.

Vanquished Creatures
  An orc priest (D:3)
  An orc wizard (D:3)
  3 gnolls
  5 adders
  An ooze (D:1)
  8 orcs (D:3)
  9 bats
  4 giant cockroaches
  6 hobgoblins
  2 quokkas
  A ball python (D:3)
  5 frilled lizards
  9 goblins
  4 kobolds
  6 rats
65 creatures vanquished.

Notes
Turn   | Place    | Note
-------+----------+-------------------------------------------
     0 | D:1      | AlphabetPasta the Deep Elf Air Elementalist began the quest for the Orb.
     0 | D:1      | Reached XP level 1. HP: 10/10 MP: 6/6
   170 | D:1      | Reached XP level 2. HP: 15/15 MP: 4/8
   175 | D:1      | Learned a level 2 spell: Swiftness
  1224 | D:2      | Reached XP level 3. HP: 19/19 MP: 6/9
  1229 | D:2      | Learned a level 3 spell: Static Discharge
  2026 | D:3      | Found a glowing silver altar of Zin.
  2036 | D:3      | Found a hazy altar of Hepliaklqana.
  2055 | D:3      | Found a roughly hewn altar of Beogh.
  2060 | D:3      | Reached XP level 4. HP: 24/24 MP: 6/12
  2110 | D:3      | Learned a level 4 spell: Airstrike
  2665 | D:3      | Reached XP level 5. HP: 28/28 MP: 9/13
  2853 | D:3      | Found an ancient bone altar of Kikubaaqudgha.
  2995 | D:4      | Noticed AlphabetPasta's ghost (amateur HuCK)
  3002 | D:4      | HP: 1/28 [gnoll/spear (1)]
  3395 | D:4      | Demolished by AlphabetPasta's ghost

Vault maps used:
D:1:      dpeg_arrival_court
D:2:      hangedman_decor_points
D:3:      old_standard_altar, zin_statuary, kiku_gazebo_pond_becter,
          serial_glass, glass_columns_a, glass_columns_a, kennysheep_orc_chapel
D:4:      nicolae_ossuary_entry_monument, tso_metal_star

Skill      XL: |  1  2  3 |
---------------+----------+-----
Conjurations   | 2 |  2.9
Air Magic      | 4 |  4.9
Spellcasting   | 4 |  4.6
Dodging        | |  2.4
Stealth        | |  2.4

Action                   |  1- 3 |  4- 6 || total
-------------------------+-------+-------++-------
Melee: Unarmed           |     1 |       ||     1
       Hand axe          |       |     6 ||     6
 Cast: Shock             |    75 |    48 ||   123
       Static Discharge  |     1 |     7 ||     8
  Use: Scroll            |     7 |       ||     7
       Potion            |       |     1 ||     1
  Eat: Chunk             |     3 |     4 ||     7
       Royal jelly       |       |     1 ||     1
Armor: Robe              |     3 |     9 ||    12
Dodge: Dodged            |    10 |    22 ||    32
